 Dungeon Crawl Stone Soup version 0.23.2-40-g277498a001 (webtiles) character file.

Game seed: 17208685586540770935

17042 Amplified the Martial Artist (level 12, 0/96 HPs)
             Began as a Demonspawn Monk on Sept 9, 2019.
             Was a Priest of Cheibriados.
             Slain by Jorgrun
             ... wielding a +0 quarterstaff of crushing
              (2 damage)
             ... on level 13 of the Dungeon.
             The game lasted 00:20:07 (10260 turns).

Amplified the Martial Artist (Demonspawn Monk)     Turns: 10260, Time: 00:20:07

Health: 0/96       AC:  6    Str: 26    XL:     12   Next: 15%
Magic:  0/20       EV: 20    Int: 21    God:    Cheibriados [***...]
Gold:   1071       SH:  0    Dex: 25    Spells: 11/11 levels left

rFire    . . .     SeeInvis .     - Unarmed
rCold    + . .     Gourm    .   (no shield)
rNeg     . . .     Faith    .   a - +0 steam dragon scales
rPois    +         Spirit   +   (helmet unavailable)
rElec    .         Reflect  .   y - +0 cloak
rCorr    .         Harm     .   (gloves unavailable)
MR       .....                  (no boots)
Stlth    ++........             v - amulet of the Komodo Dragon {Spirit rPois Str+4}
HPRegen  0.26/turn              k - ring of poison resistance
MPRegen  0.17/turn              C - ring of wizardry

@: studying Earth Magic, very slow
A: claws 3, hooves 1, horns 3, cold resistance 1, powered by pain 1
a: Bend Time, Temporal Distortion, Renounce Religion


You were on level 13 of the Dungeon.
You worshipped Cheibriados.
Cheibriados was most pleased with you.
You were not hungry.

You visited 1 branch of the dungeon, and saw 13 of its levels.
You also visited: Ossuary and Bailey.

You collected 1071 gold pieces.

Inventory:

Hand Weapons
 c - a +1 morningstar
Missiles
 w - 7 steel javelins (quivered)
Armour
 a - +0 steam dragon scales (worn)
 e - a +1 leather armour of magic resistance
 i - a +2 pair of gloves
 u - a +1 ring mail of poison resistance
 y - a +0 cloak (worn)
 M - a scarf of spirit shield
Jewellery
 g - an uncursed amulet of regeneration
 k - a ring of poison resistance (left claw)
 p - a +2 ring of evasion
 v - the amulet of the Komodo Dragon (around neck) {Spirit rPois Str+4}
   (You found it on level 4 of the Dungeon)

   [amulet of guardian spirit]

   It causes incoming damage to be split between your health and magic.
   It affects your strength (+4).
   It protects you from poison.
 B - a +6 ring of dexterity
 C - a ring of wizardry (right claw)
 D - a +2 amulet of reflection
 H - an uncursed amulet of the acrobat {unknown}
 I - a +6 ring of protection {unknown}
Wands
 l - a wand of iceblast (7)
 o - a wand of flame (32)
 q - a wand of acid (6)
 t - a wand of enslavement (6)
 E - a wand of paralysis (22)
 K - a wand of polymorph (12)
 Q - a wand of disintegration (15)
Scrolls
 d - 2 scrolls of teleportation
 h - a scroll of immolation
 m - 7 scrolls of remove curse
 s - 3 scrolls of enchant weapon
 F - 5 scrolls of identify
 G - a scroll of amnesia
Potions
 n - 2 potions of mutation
 r - 2 potions of curing
 x - a potion of resistance
 z - 3 potions of lignification
 A - a potion of cancellation
 J - a potion of ambrosia
Books
 P - a manual of Earth Magic
Comestibles
 j - 13 rations


   Skills:
 + Level 9.6 Fighting
   Level 3.1 Axes
 * Level 0.6 Armour
 - Level 7.8 Dodging
 - Level 1.7 Stealth
 * Level 11.2 Unarmed Combat
 * Level 7.2 Earth Magic
 * Level 10.9 Invocations


You had 11 spell levels left.
You didn't know any spells.
Your spell library contained the following spells:

 Spells                   Type           Power        Failure   Level  Hunger
 Poisonous Vapours        Pois/Air       #.....       11%         2    ###....
 Conjure Flame            Conj/Fire      #.......     21%         3    ####...
 Mephitic Cloud           Conj/Pois/Air  #.......     21%         3    ####...
 Freezing Cloud           Conj/Ice/Air   #.........   100%        6    #######
 Ring of Flames           Chrm/Fire      #.........   100%        7    #######


Dungeon Overview and Level Annotations

Branches:
Dungeon (14/15)            Temple (0/1) D:7            Lair (0/6) D:10
    Orc (0/2) D:10         Vaults (0/5) D:14

Altars:
Ashenzari
Cheibriados
Dithmenos
Elyvilon
Fedhas
Okawaru
Ru
Sif Muna
Uskayaw
Xom
Yredelemnul
Zin

Shops:
D:5 :   D:6 (

Portals:
Trove: D:10 (give +3 shadow dragon scales)

Annotations:
D:10 Gastronok
D:13 Jorgrun


Innate Abilities, Weirdness & Mutations

You have claws for hands.
You have large cloven feet.
You have a pair of large horns on your head.
Your flesh is cold resistant. (rC+)
You sometimes gain a little power by taking damage.


Message History

Okay, then.
You can feel time thicken for a moment.
You kill the orc warrior!
Cheibriados appreciates the change of pace.
You feel somewhat more hungry.
Cheibriados lowers the support of your attributes as your movement quickens.
Jorgrun points at you and mumbles some strange words.
The iron shot misses you.
Unknown command.
You claw Jorgrun! You kick Jorgrun!
Jorgrun is heavily wounded.
Jorgrun barely misses you.
Quiver which item? (- for none, * to show all) (? for menu, Esc to quit)
Okay, then.
You can feel time thicken for a moment.
You feel somewhat more hungry.
You can no longer inflict damage on those overly hasty.
Cheibriados lowers the support of your attributes as your movement quickens.
Jorgrun hits you with a +0 quarterstaff of crushing.
* * * LOW HITPOINT WARNING * * *
You die...

,,** *.# #....# #. *** ###*.#
#....# #) #<##.####....####)
####.#............(.)
#..........#########.
#..........# #. #....).o...#
#. ***#g#****** #. #@# ######
#. #.#####....# ##
#.......##.# #
###################.#### #
#......................# #
#######.#########.........##.#
# .........# #.##########.# #
.........# #.# #.# #
.........# #####.# #.# #


You could see Jorgrun.

Vanquished Creatures
  3 hydras
  A centaur warrior (D:14)
  A two-headed ogre (D:13)
  An unseen horror (D:11)
  Pikel (D:7)
  A cyclops (D:13)
  Joseph (D:9)
  Maurice (D:8)
  A gargoyle (D:11)
  A troll (D:10)
  Prince Ribbit (D:7)
  A hornet (D:9)
  4 hippogriffs
  A wyvern (D:13)
  10 yaks
  A water moccasin (D:9)
  2 porcupines (D:10)
  2 phantoms
  3 sky beasts
  A slave (D:7)
  18 orc warriors
  A black bear (D:9)
  An ogre (shapeshifter) (D:14)
  13 ogres
  An eye of draining (shapeshifter) (D:14)
  13 centaurs
  2 crocodiles
  3 big kobolds (D:10)
  9 bullfrogs
  3 gnoll sergeants (D:10)
  4 killer bees (D:10)
  7 howler monkeys
  8 wights
  4 crimson imps
  2 bullfrog zombies (Ossuary)
  2 centaur zombies (Ossuary)
  3 jellies
  5 hounds
  10 orc priests
  Crazy Yiuf (D:4)
  A gnoll shaman (D:7)
  8 mummies (Ossuary)
  8 orc wizards
  7 worker ants
  5 iguanas
  A killer bee zombie (Ossuary)
  A hound skeleton (D:11)
  2 hound zombies (D:6)
  A howler monkey zombie (D:8)
  3 worker ant zombies (Ossuary)
  9 gnolls
  6 adders
  A howler monkey skeleton (D:10)
  A shadow imp (D:6)
  An adder skeleton (D:7)
  7 adder zombies
  2 worms
  2 dart slugs (D:1)
  6 leopard geckos
  56 orcs
  9 bats
  A giant cockroach (D:1)
  4 goblins
  5 hobgoblins
  17 jackals
  4 quokkas
  A ball python (D:3)
  5 frilled lizards
  2 gnoll zombies (D:3)
  A jackal skeleton (D:6)
  5 kobolds
  A leopard gecko zombie (Ossuary)
  4 quokka zombies (Ossuary)
  8 rats
  A fungus (D:10)
344 creatures vanquished.

Vanquished Creatures (collateral kills)
  5 orcs
5 creatures vanquished.

Vanquished Creatures (others)
  2 orc warriors (Bailey)
  12 fungi (D:10)
  A plant (D:10)
  3 withered plants (Ossuary)
18 creatures vanquished.

Grand Total: 367 creatures vanquished

Notes
Turn   | Place    | Note
-------+----------+-------------------------------------------
     0 | D:1      | Amplified the Demonspawn Monk began the quest for the Orb.
     0 | D:1      | Reached XP level 1. HP: 18/18 MP: 1/1
   194 | D:1      | Gained mutation: You sometimes gain a little power by
                  | taking damage. [demonic ancestry]
   194 | D:1      | Reached XP level 2. HP: 10/24 MP: 2/2
  1336 | D:2      | Gained mutation: You have a pair of small horns on your
                  | head. [demonic ancestry]
  1336 | D:2      | Reached XP level 3. HP: 26/29 MP: 3/3
  1352 | D:2      | Found a hide-covered altar of Uskayaw.
  1506 | D:2      | Reached skill level 1 in Unarmed Combat
  1578 | D:2      | Found a shimmering altar of Xom.
  1965 | D:3      | Gained mutation: You have large cloven feet. [demonic
                  | ancestry]
  1965 | D:3      | Reached XP level 4. HP: 36/37 MP: 4/4
  2611 | D:3      | Found a basalt altar of Yredelemnul.
  2756 | D:4      | Reached skill level 2 in Unarmed Combat
  2869 | D:4      | Gained mutation: Your flesh is cold resistant. (rC+)
                  | [demonic ancestry]
  2869 | D:4      | Reached XP level 5. HP: 32/42 MP: 5/5
  2983 | D:4      | Got a glittering ruby amulet
  2985 | D:4      | Identified the amulet of the Komodo Dragon {Spirit rPois
                  | Str+4} (You found it on level 4 of the Dungeon)
  2992 | D:4      | Found a white marble altar of Elyvilon.
  3102 | D:4      | Found a runed translucent door.
  3103 | D:4      | Noticed Crazy Yiuf
  3113 | D:4      | Killed Crazy Yiuf
  3194 | D:4      | Noticed an ogre
  3200 | D:4      | Killed an ogre
  3200 | D:4      | Reached skill level 3 in Unarmed Combat
  3200 | D:4      | Gained mutation: You have sharp fingernails. [demonic
                  | ancestry]
  3200 | D:4      | Reached XP level 6. HP: 35/49 MP: 6/6
  3552 | D:4      | Found a deep blue altar of Sif Muna.
  3577 | D:5      | Entered Level 5 of the Dungeon
  3587 | D:5      | Found Buihoh's Book Boutique.
  3620 | D:5      | You fall through a shaft for 2 floors!
  3638 | D:6      | Found a shadowy altar of Dithmenos.
  3650 | D:6      | Noticed a yak
  3653 | D:6      | Found Etyoge's Weapon Shoppe.
  3653 | D:6      | Noticed a yak
  3653 | D:6      | Noticed a yak
  3666 | D:6      | Killed a yak
  3666 | D:6      | Reached skill level 4 in Unarmed Combat
  3666 | D:6      | Gained mutation: You have a pair of horns on your head.
                  | [demonic ancestry]
  3666 | D:6      | Reached XP level 7. HP: 27/55 MP: 2/7
  3670 | D:6      | Killed a yak
  3670 | D:6      | Reached skill level 5 in Fighting
  3673 | D:6      | Killed a yak
  3673 | D:6      | Reached skill level 5 in Unarmed Combat
  3914 | D:6      | Found a snail-covered altar of Cheibriados.
  3954 | D:6      | Reached XP level 8. HP: 61/63 MP: 8/8
  3986 | D:6      | Reached skill level 5 in Dodging
  4220 | D:5      | Found an iron altar of Okawaru.
  4283 | D:5      | Found a sand-covered staircase.
  4288 | Ossuary  | Entered an ossuary
  4360 | Ossuary  | Reached skill level 6 in Unarmed Combat
  4889 | D:5      | Found a shattered altar of Ashenzari.
  4959 | D:5      | Found a glowing silver altar of Zin.
  5288 | D:7      | Reached skill level 7 in Unarmed Combat
  5318 | D:7      | Noticed Prince Ribbit
  5325 | D:7      | Killed Prince Ribbit
  5325 | D:7      | Reached XP level 9. HP: 36/71 MP: 6/9
  5429 | D:7      | Found a blossoming altar of Fedhas.
  5569 | D:7      | Found a staircase to the Ecumenical Temple.
  5601 | D:7      | Noticed Pikel
  5619 | D:7      | Killed Pikel
  5619 | D:7      | Reached skill level 8 in Unarmed Combat
  6054 | D:6      | Became a worshipper of Cheibriados the Contemplative
  6054 | D:6      | Reached * piety under Cheibriados
  6054 | D:6      | Reached ** piety under Cheibriados
  6284 | D:8      | Reached skill level 1 in Invocations
  6533 | D:8      | Found a sacrificial altar of Ru.
  6734 | D:8      | Noticed Maurice
  6745 | D:8      | Killed Maurice
  6757 | D:8      | Found a white marble altar of Elyvilon.
  7021 | D:9      | Gained mutation: You have a pair of large horns on your
                  | head. [demonic ancestry]
  7021 | D:9      | Reached XP level 10. HP: 74/80 MP: 10/13
  7088 | D:9      | Reached skill level 9 in Unarmed Combat
  7218 | D:9      | Reached *** piety under Cheibriados
  7221 | D:9      | Reached skill level 5 in Invocations
  7344 | D:9      | Noticed Joseph
  7367 | D:9      | Killed Joseph
  7763 | D:10     | Entered Level 10 of the Dungeon
  7800 | D:10     | Reached **** piety under Cheibriados
  7803 | D:10     | Found a staircase to the Lair.
  7873 | D:10     | Found a portal to a secret trove of treasure.
  8214 | D:10     | Reached skill level 10 in Unarmed Combat
  8254 | D:10     | Reached ***** piety under Cheibriados
  8363 | D:10     | Found a staircase to the Orcish Mines.
  8397 | D:10     | Gained mutation: You have very sharp fingernails. [demonic
                  | ancestry]
  8397 | D:10     | Reached XP level 11. HP: 87/87 MP: 16/16
  8592 | D:10     | Noticed Gastronok
  8601 | D:11     | Found a flagged portal.
  8682 | D:11     | Reached skill level 1 in Earth Magic
  8726 | D:11     | Noticed a seven-headed hydra
  8828 | Bailey   | Entered a bailey
  9103 | D:11     | Killed a seven-headed hydra
  9126 | D:11     | Killed an unseen horror
  9132 | D:11     | Noticed a soul eater
  9133 | D:11     | Noticed a four-headed hydra
  9142 | D:11     | Killed a four-headed hydra
  9644 | D:11     | You fall through a shaft for 3 floors!
  9646 | D:14     | Noticed a fire crab
  9653 | D:14     | Reached skill level 5 in Earth Magic
  9762 | D:14     | a fire crab changed into a wind drake
  9765 | D:14     | Noticed a centaur warrior
  9771 | D:14     | Noticed a five-headed hydra
  9772 | D:14     | Killed a centaur warrior
  9772 | D:14     | Reached skill level 10 in Invocations
  9776 | D:14     | Killed a five-headed hydra
  9851 | D:14     | Reached skill level 11 in Unarmed Combat
  9884 | D:14     | Found a gate to the Vaults.
  9884 | D:14     | Noticed a vault guard
  9884 | D:14     | Noticed a vault guard
  9884 | D:14     | Noticed a vault guard
  9884 | D:14     | Noticed a vault guard
  9884 | D:14     | Noticed a vault guard
  9885 | D:14     | Noticed a vault guard
  9885 | D:14     | Noticed a vault guard
  9885 | D:14     | Noticed an eight-headed hydra
  9886 | D:14     | Noticed a vault guard
  9895 | D:14     | Noticed a two-headed ogre
  9907 | D:14     | Found a basalt altar of Yredelemnul.
  9920 | D:13     | Noticed a centaur warrior
  9934 | D:13     | Gained mutation: You have claws for hands. [demonic
                  | ancestry]
  9934 | D:13     | Reached XP level 12. HP: 39/96 MP: 2/19
  9940 | D:13     | Noticed a two-headed ogre
  9947 | D:13     | Killed a two-headed ogre
 10148 | D:13     | Noticed Jorgrun
 10260 | D:13     | HP: 2/96 [Jorgrun/+0 quarterstaff of crushing (4)]
 10260 | D:13     | Slain by Jorgrun

Skill      XL: |  1  2  3  4  5  6  7  8  9 10 11 12 |
---------------+-------------------------------------+-----
Axes           | 3 |  3.1
Dodging        | 3 4 6 7 |  7.8
Unarmed Combat | 1 2 3 4 5 7 8 10 11 | 11.2
Fighting       | 4 5 6 7 8 9 |  9.6
Invocations    | 4 7 10 | 10.9
Earth Magic    | 6 7 |  7.2
Armour         | |  0.6
Stealth        | |  1.7

Action                   |  1- 3 |  4- 6 |  7- 9 | 10-12 || total
-------------------------+-------+-------+-------+-------++-------
Melee: Hand axe          |    96 |       |       |       ||    96
       Unarmed           |    75 |   116 |   359 |   309 ||   859
       Headbutt          |    12 |    26 |    84 |   102 ||   224
       Punch             |     1 |     3 |    12 |    20 ||    36
       Kick              |       |    41 |   126 |   172 ||   339
Invok: Slouch            |       |       |       |     7 ||     7
       Temporal Distorti |       |       |       |     3 ||     3
Evoke: Wand              |       |     3 |     6 |    35 ||    44
  Use: Scroll            |     9 |     5 |    10 |    17 ||    41
       Potion            |     3 |     4 |     2 |     9 ||    18
 Stab: Sleeping          |     2 |     2 |     4 |     2 ||    10
       Invisible         |       |       |       |     9 ||     9
       Distracted        |       |       |       |     1 ||     1
  Eat: Ration            |     1 |       |       |     1 ||     2
       Chunk             |       |     5 |    10 |     4 ||    19
Armor: Robe              |    32 |       |       |       ||    32
       Ring mail         |    39 |       |       |       ||    39
       Leather armour    |     6 |    20 |    54 |       ||    80
       Steam dragon scal |       |       |    11 |    52 ||    63
       Skin              |       |       |     4 |       ||     4
Dodge: Dodged            |   126 |    66 |   220 |   334 ||   746
